TOP OF THE 1ST |
Grand Forks Caterpillars batting - Pitching for Niagara Falls Expos : RHP Paco Peña
|
Pitching: RHP Paco Peña
|
|
Batting: SHB Luchino Salimbeni
|
0-0: Called Strike 0-1: Ball 1-1: Ball 2-1: Foul Ball, location: 2F 2-2: Strikes out swinging
|
Batting: RHB Javier Rivera
|
0-0: Called Strike 0-1: Foul Ball, location: 2F 0-2: Foul Ball, location: 2F 0-2: Strikes out swinging
|
Batting: RHB Alfredo García
|
0-0: Called Strike 0-1: Foul Ball, location: 2F 0-2: Foul Ball, location: 2F 0-2: Strikes out swinging
|
Top of the 1st over - 0 run(s), 0 hit(s), 0 error(s), 0 left on base; Grand Forks 0 - Niagara Falls 0 |
BOTTOM OF THE 1ST |
Niagara Falls Expos batting - Pitching for Grand Forks Caterpillars : RHP Esteban Nevárez
|
Pitching: RHP Esteban Nevárez
|
|
Batting: RHB Rodrigo Velasco
|
0-0: Swinging Strike 0-1: Foul Ball, location: 2F 0-2: Ground out 5-3 (Groundball, 5L)
|
Batting: RHB Barkley B. Cooltimes
|
0-0: Called Strike 0-1: Ball 1-1: Reached on error, E4 (Groundball, 4)
|
Batting: LHB Manny Valentín
|
0-0: Called Strike 0-1: Ball 1-1: Ball 2-1: Ball 3-1: Called Strike 3-2: Fielders Choice at 2nd, 1-6 (Groundball, 23)
|
Batting: RHB John Thompson
|
0-0: Called Strike 0-1: Foul Ball, location: 2F 0-2: Strikes out swinging
|
Bottom of the 1st over - 0 run(s), 0 hit(s), 1 error(s), 1 left on base; Grand Forks 0 - Niagara Falls 0 |
TOP OF THE 2ND |
Grand Forks Caterpillars batting - Pitching for Niagara Falls Expos : RHP Paco Peña
|
Batting: RHB Vicente Cruz
|
0-0: Ball 1-0: Called Strike 1-1: Foul Ball, location: 2F 1-2: Ball 2-2: Strikes out swinging
|
Batting: LHB Armando Becerra
|
0-0: Ball 1-0: Swinging Strike 1-1: Swinging Strike 1-2: Strikes out looking
|
Batting: LHB Damian Delaney
|
0-0: Ball 1-0: Ground out 4-3 (Groundball, 4)
|
Top of the 2nd over - 0 run(s), 0 hit(s), 0 error(s), 0 left on base; Grand Forks 0 - Niagara Falls 0 |
BOTTOM OF THE 2ND |
Niagara Falls Expos batting - Pitching for Grand Forks Caterpillars : RHP Esteban Nevárez
|
Batting: RHB Tony Martínez
|
0-0: Ball 1-0: Ball 2-0: Ball 3-0: Base on Balls
|
Batting: RHB José Rodríguez
|
0-0: Fly out, F4 (Popup, 4D)
|
Batting: RHB Xing-li Wang
|
0-0: Called Strike 0-1: Foul Ball, location: 2F 0-2: Grounds into double play, 6-4-3 (Groundball, 6)
|
Bottom of the 2nd over - 0 run(s), 0 hit(s), 0 error(s), 0 left on base; Grand Forks 0 - Niagara Falls 0 |
TOP OF THE 3RD |
Grand Forks Caterpillars batting - Pitching for Niagara Falls Expos : RHP Paco Peña
|
Batting: RHB Clarros Ramada
|
0-0: Called Strike 0-1: Foul Ball, location: 2F 0-2: Ball 1-2: Foul Ball, location: 2F 1-2: Strikes out swinging
|
Batting: RHB Carlos Romero
|
0-0: Called Strike 0-1: Called Strike 0-2: Ball 1-2: Foul Ball, location: 2F 1-2: Foul Ball, location: 2F 1-2: Fly out, F9 (Flyball, 8RM)
|
Batting: RHB Jesús Ortíz
|
0-0: Fly out, F7 (Flyball, 78M)
|
Top of the 3rd over - 0 run(s), 0 hit(s), 0 error(s), 0 left on base; Grand Forks 0 - Niagara Falls 0 |
BOTTOM OF THE 3RD |
Niagara Falls Expos batting - Pitching for Grand Forks Caterpillars : RHP Esteban Nevárez
|
Batting: RHB Luis Rodríguez
|
0-0: Foul Ball, location: 2F 0-1: Swinging Strike 0-2: Ball 1-2: Ball 2-2: Foul Ball, location: 2F 2-2: Ball 3-2: Strikes out swinging
|
Batting: RHB António Gonzáles
|
0-0: Foul Ball, location: 2F 0-1: Ground out 4-3 (Groundball, 4M)
|
Batting: RHB Rodrigo Velasco
|
0-0: Ball 1-0: Ball 2-0: Ball 3-0: Called Strike 3-1: Called Strike 3-2: Ground out 6-3 (Groundball, 6)
|
Bottom of the 3rd over - 0 run(s), 0 hit(s), 0 error(s), 0 left on base; Grand Forks 0 - Niagara Falls 0 |
TOP OF THE 4TH |
Grand Forks Caterpillars batting - Pitching for Niagara Falls Expos : RHP Paco Peña
|
Batting: SHB Luchino Salimbeni
|
0-0: Called Strike 0-1: Foul Ball, location: 2F 0-2: Ground out 3-1 (Groundball, 34)
|
Batting: RHB Javier Rivera
|
0-0: Ball 1-0: Called Strike 1-1: Swinging Strike 1-2: Strikes out looking
|
Batting: RHB Alfredo García
|
0-0: Ball 1-0: Foul Ball, location: 2F 1-1: Swinging Strike 1-2: Ball 2-2: Foul Ball, location: 2F 2-2: Ground out 4-3 (Groundball, 4)
|
Top of the 4th over - 0 run(s), 0 hit(s), 0 error(s), 0 left on base; Grand Forks 0 - Niagara Falls 0 |
BOTTOM OF THE 4TH |
Niagara Falls Expos batting - Pitching for Grand Forks Caterpillars : RHP Esteban Nevárez
|
Batting: RHB Barkley B. Cooltimes
|
0-0: Called Strike 0-1: Swinging Strike 0-2: Ball 1-2: Foul Ball, location: 2F 1-2: Ground out 5-3 (Groundball, 5S)
|
Batting: LHB Manny Valentín
|
0-0: Ball 1-0: Foul Ball, location: 2F 1-1: SINGLE (Line Drive, 4M)
|
Batting: RHB John Thompson
|
0-0: Ball 1-0: Swinging Strike 1-1: Grounds into double play, 4-6-3 (Groundball, 4)
|
Bottom of the 4th over - 0 run(s), 1 hit(s), 0 error(s), 0 left on base; Grand Forks 0 - Niagara Falls 0 |
TOP OF THE 5TH |
Grand Forks Caterpillars batting - Pitching for Niagara Falls Expos : RHP Paco Peña
|
Batting: RHB Vicente Cruz
|
0-0: Ball 1-0: Foul Ball, location: 2F 1-1: Foul Ball, location: 2F 1-2: Foul Ball, location: 2F 1-2: Foul Ball, location: 2F 1-2: Foul Ball, location: 2F 1-2: Foul Ball, location: 2F 1-2: Ball 2-2: Strikes out swinging
|
Batting: LHB Armando Becerra
|
0-0: Called Strike 0-1: Ball 1-1: Foul Ball, location: 2F 1-2: Strikes out swinging
|
Batting: LHB Damian Delaney
|
0-0: Called Strike 0-1: Ball 1-1: Foul Ball, location: 2F 1-2: Foul Ball, location: 2F 1-2: Ball 2-2: Ball 3-2: Strikes out looking
|
Top of the 5th over - 0 run(s), 0 hit(s), 0 error(s), 0 left on base; Grand Forks 0 - Niagara Falls 0 |
BOTTOM OF THE 5TH |
Niagara Falls Expos batting - Pitching for Grand Forks Caterpillars : RHP Esteban Nevárez
|
Batting: RHB Tony Martínez
|
0-0: Ground out 1-3 (Groundball, 13S)
|
Batting: RHB José Rodríguez
|
0-0: Ball 1-0: Swinging Strike 1-1: Ground out 6-3 (Groundball, 6M)
|
Batting: RHB Xing-li Wang
|
0-0: Foul Ball, location: 2F 0-1: Ball 1-1: Foul Ball, location: 2F 1-2: Ground out 6-3 (Groundball, 6)
|
Bottom of the 5th over - 0 run(s), 0 hit(s), 0 error(s), 0 left on base; Grand Forks 0 - Niagara Falls 0 |
TOP OF THE 6TH |
Grand Forks Caterpillars batting - Pitching for Niagara Falls Expos : RHP Paco Peña
|
Batting: RHB Clarros Ramada
|
0-0: Ground out 5-3 (Groundball, 56S)
|
Batting: RHB Carlos Romero
|
0-0: Called Strike 0-1: Ball 1-1: Ball 2-1: SINGLE (Line Drive, 6)
|
Batting: RHB Jesús Ortíz
|
0-0: Foul Ball, location: 2F 0-1: Fly out, F9 (Flyball, 9M)
|
Batting: SHB Luchino Salimbeni
|
0-0: Fly out, F8 (Flyball, 8RS)
|
Top of the 6th over - 0 run(s), 1 hit(s), 0 error(s), 1 left on base; Grand Forks 0 - Niagara Falls 0 |
BOTTOM OF THE 6TH |
Niagara Falls Expos batting - Pitching for Grand Forks Caterpillars : RHP Esteban Nevárez
|
Batting: RHB Luis Rodríguez
|
0-0: Ground out 6-3 (Groundball, 6)
|
Batting: RHB António Gonzáles
|
0-0: Ground out 6-3 (Groundball, 6)
|
Batting: RHB Rodrigo Velasco
|
0-0: Called Strike 0-1: Ball 1-1: Swinging Strike 1-2: Ball 2-2: DOUBLE (Line Drive, 7D)
|
Batting: RHB Barkley B. Cooltimes
|
0-0: Called Strike 0-1: Called Strike 0-2: Foul Ball, location: 2F 0-2: Foul Ball, location: 2F 0-2: Ball 1-2: SINGLE (Line Drive, 8LS) Rodrigo Velasco to third Runner from 3rd tries for Home, throw and OUT!
|
Bottom of the 6th over - 0 run(s), 2 hit(s), 0 error(s), 1 left on base; Grand Forks 0 - Niagara Falls 0 |
TOP OF THE 7TH |
Grand Forks Caterpillars batting - Pitching for Niagara Falls Expos : RHP Paco Peña
|
Batting: RHB Javier Rivera
|
0-0: Ball 1-0: SINGLE (Line Drive, 78S)
|
Batting: RHB Alfredo García
|
0-0: Foul Ball, location: 2F 0-1: SINGLE (Groundball, 6) Javier Rivera to second
|
Batting: RHB Vicente Cruz
|
0-0: Foul Ball, location: 2F 0-1: Ball 1-1: SINGLE (Line Drive, 7S) Javier Rivera to third Alfredo García to second
|
Batting: LHB Armando Becerra
|
0-0: Ball 1-0: Ball 2-0: Ball 3-0: Called Strike 3-1: Base on Balls Javier Rivera scores Alfredo García to third Vicente Cruz to second
|
Batting: LHB Damian Delaney
|
0-0: Grounds into fielders choice 6-2 (Groundball, 6) Vicente Cruz to third Armando Becerra to second
|
Batting: RHB Clarros Ramada
|
0-0: Ball 1-0: Foul Ball, location: 2F 1-1: Ball 2-1: SINGLE (Flyball, 7S) Vicente Cruz scores Armando Becerra to third Damian Delaney to second Runner from 3rd tries for Home, SAFE, throw made at trailing runner, SAFE at third!
|
Batting: RHB Carlos Romero
|
0-0: Grounds into double play, 6-4-3 (Groundball, 6)
|
Top of the 7th over - 3 run(s), 4 hit(s), 0 error(s), 1 left on base; Grand Forks 3 - Niagara Falls 0 |
BOTTOM OF THE 7TH |
Niagara Falls Expos batting - Pitching for Grand Forks Caterpillars : RHP Esteban Nevárez
|
Pitching: RHP Ángel Ruíz
|
|
Batting: LHB Manny Valentín
|
0-0: Ball 1-0: Foul Ball, location: 2F 1-1: Ball 2-1: Ball 3-1: Base on Balls
|
Batting: RHB John Thompson
|
0-0: Called Strike 0-1: Ball 1-1: Swinging Strike 1-2: Ball 2-2: Ball 3-2: Foul Ball, location: 2F 3-2: Ground out 5-3 (Groundball, 56S) Manny Valentín to second
|
Batting: RHB Tony Martínez
|
0-0: Ball 1-0: SINGLE (Flyball, 8RS) Manny Valentín to third Runner from 3rd tries for Home, SAFE, no throw or cutoff
|
Batting: RHB José Rodríguez
|
0-0: Ball Tony Martínez is caught stealing 2nd base 1-0: Ball 2-0: Foul Ball, location: 2F 2-1: Fly out, F9 (Flyball, 9LM)
|
Bottom of the 7th over - 1 run(s), 1 hit(s), 0 error(s), 0 left on base; Grand Forks 3 - Niagara Falls 1 |
TOP OF THE 8TH |
Grand Forks Caterpillars batting - Pitching for Niagara Falls Expos : RHP Paco Peña
|
Pitching: RHP Jim Unknown
|
|
Batting: RHB Jesús Ortíz
|
0-0: Swinging Strike 0-1: Swinging Strike 0-2: Ball 1-2: Strikes out looking
|
Batting: SHB Luchino Salimbeni
|
0-0: Fly out, F8 (Flyball, 8LM)
|
Batting: RHB Javier Rivera
|
0-0: Ground out 6-3 (Groundball, 6)
|
Top of the 8th over - 0 run(s), 0 hit(s), 0 error(s), 0 left on base; Grand Forks 3 - Niagara Falls 1 |
BOTTOM OF THE 8TH |
Niagara Falls Expos batting - Pitching for Grand Forks Caterpillars : RHP Ángel Ruíz
|
Batting: RHB Xing-li Wang
|
0-0: Foul Ball, location: 2F 0-1: Ball 1-1: Ball 2-1: Foul Ball, location: 2F 2-2: Strikes out swinging
|
Batting: RHB Luis Rodríguez
|
0-0: Ball 1-0: Ball 2-0: Fly out, F8 (Flyball, 8LM)
|
Batting: RHB António Gonzáles
|
0-0: Ball 1-0: Ball 2-0: Fly out, F3 (Popup, 23F)
|
Bottom of the 8th over - 0 run(s), 0 hit(s), 0 error(s), 0 left on base; Grand Forks 3 - Niagara Falls 1 |
TOP OF THE 9TH |
Grand Forks Caterpillars batting - Pitching for Niagara Falls Expos : RHP Jim Unknown
|
Pitching: RHP Jim Unknown
|
|
Batting: RHB Alfredo García
|
0-0: Called Strike 0-1: Foul Ball, location: 2F 0-2: Ball 1-2: Ball 2-2: Foul Ball, location: 2F 2-2: Foul Ball, location: 2F 2-2: Foul Ball, location: 2F 2-2: Strikes out looking
|
Batting: RHB Vicente Cruz
|
0-0: Ground out 5-3 (Groundball, 56S)
|
Batting: LHB Armando Becerra
|
0-0: Fly out, F7 (Flyball, 7D)
|
Top of the 9th over - 0 run(s), 0 hit(s), 0 error(s), 0 left on base; Grand Forks 3 - Niagara Falls 1 |
BOTTOM OF THE 9TH |
Niagara Falls Expos batting - Pitching for Grand Forks Caterpillars : RHP Ángel Ruíz
|
Pitching: LHP Juan Costello
|
|
Batting: RHB Rodrigo Velasco
|
0-0: Ball 1-0: Ball 2-0: Ball 3-0: Base on Balls
|
Pinch Hitting: RHB António Jiménez
|
0-0: Ball 1-0: Ball 2-0: Called Strike 2-1: Ball 3-1: SINGLE (Groundball, 6MD) (infield hit) Rodrigo Velasco to second
|
Pinch Hitting: RHB Víctor García
|
0-0: Foul Ball, location: 2F 0-1: Ball 1-1: Called Strike 1-2: Strikes out swinging
|
Batting: RHB John Thompson
|
0-0: Ball 1-0: Foul Ball, location: 2F 1-1: Called Strike 1-2: Fly out, F7 (Flyball, 7M)
|
Batting: RHB Tony Martínez
|
0-0: Ground out 6-3 (Groundball, 6)
|
Bottom of the 9th over - 0 run(s), 1 hit(s), 0 error(s), 2 left on base; Grand Forks 3 - Niagara Falls 1 |
|